 Dungeon Crawl Stone Soup version 0.29-a0-284-gf9362112df (webtiles) character file.

Game seed: 2669154769523731183

11 GigaChad the Insei (level 2, -3/22 HPs)
             Began as a Demigod Transmuter on Mar 30, 2022.
             Slain by a worm (4 damage)
             ... on level 2 of the Dungeon.
             The game lasted 00:05:27 (460 turns).

GigaChad the Insei (Demigod Transmuter)              Turns: 460, Time: 00:05:28

Health: -3/22      AC: 10    Str: 11    XL:     2   Next: 3%
Magic:  7/7        EV:  5    Int: 15    God:
Gold:   16         SH:  0    Dex: 14    Spells: 3/4 levels left

rFire   . . .      SeeInvis .   e - +0 short sword
rCold   . . .      Faith    .   (no shield)
rNeg    . . .      Spirit   .   i - +1 chain mail
rPois   .          Reflect  .   c - +0 helmet
rElec   .          Harm     .   (no cloak)
rCorr   .          Rampage  .   (no gloves)
Will    .....                   (no boots)
Stlth   ..........              (no amulet)
HPRegen 0.07/turn               (no ring)
MPRegen 0.10/turn               (no ring)

@: no status effects
A: high MP 1, forlorn, divine attributes
a: no special abilities


You were on level 2 of the Dungeon.
You visited 1 branch of the dungeon, and saw 2 of its levels.

You collected 16 gold pieces.

Inventory:

Hand Weapons
 e - a +0 short sword (weapon)
 g - a +0 hunting sling
 h - a +0 dagger
Armour
 a - a +0 robe
 c - a +0 helmet (worn)
 d - a +0 ring mail
 i - a +1 chain mail (worn)
Potions
 b - a potion of lignification
 j - a potion of attraction {unknown}


   Skills:
 + Level 0.8 Fighting
 + Level 1.9 Dodging
 + Level 3.1 Unarmed Combat
 + Level 1.9 Spellcasting
 + Level 1.8 Transmutations


You had 3 spell levels left.
You knew the following spells:

 Your Spells              Type           Power      Damage    Failure   Level
a - Beastly Appendage     Tmut           12%        N/A       100%        1

Your spell library contained the following spells:

 Spells                   Type           Power      Damage    Failure   Level
 Animate Skeleton         Necr           2%         N/A       100%        1
 Apportation              Tloc           2%         N/A       100%        1
 Summon Small Mammal      Summ           4%         N/A       100%        1
 Wereblood                Tmut           6%         N/A       100%        2
 Spider Form              Tmut/Pois      4%         N/A       100%        3
 Ice Form                 Ice/Tmut       4%         N/A       100%        4


Dungeon Overview and Level Annotations

Branches:
Dungeon (2/15)


Innate Abilities, Weirdness & Mutations

You have an increased reservoir of magic. (+10% MP)
You shall have no god before yourself.
Your divine heritage dramatically boosts your attributes as you level up.


Message History

* * * LOW HITPOINT WARNING * * *
You barely miss the jackal.
The jackal is severely wounded.
The jackal completely misses you. The kobold hits you but does no damage.
You hit the jackal.
You kill the jackal!
The kobold hits you but does no damage.
You have reached level 2!
The kobold hits you but does no damage. The kobold attacks as you move away!
The kobold hits you but does no damage. The kobold hits you but does no damage.
The kobold attacks as you move away! The kobold hits you with a +0 club.
* * * LOW HITPOINT WARNING * * *
Things that are here:
2 stones; a kobold corpse The kobold attacks as you move away!
The kobold hits you but does no damage. The kobold attacks as you move away!
The kobold hits you but does no damage. The kobold hits you but does no damage.
The kobold attacks as you move away! The kobold hits you but does no damage.
The kobold hits you but does no damage.
There is a stone staircase leading up here.
The kobold attacks as you move away! The kobold hits you with a +0 club.
* * * LOW HITPOINT WARNING * * *
The kobold attacks as you move away! The kobold barely misses you.
The kobold hits you but does no damage. The kobold hits you with a +0 club.
* * * LOW HITPOINT WARNING * * *
The kobold attacks as you move away! The kobold hits you but does no damage.
The kobold attacks as you move away! The kobold hits you but does no damage.
The kobold hits you but does no damage.
There is a stone staircase leading up here.
You can't go down here!
You hit the kobold.
You kill the kobold!
The worm bites you.
* * * LOW HITPOINT WARNING * * *
There is a stone staircase leading up here.
You see here a +0 club.
You hit the worm but do no damage. The worm bites you.
You die...

..?..........#
..#..........##
#.............#
.......†......#
.......†......##
.###...........#
#...........#
##..........#
##......@..#
#.....(w..#
#.........#
#.........#
#.........###
##..........#
#..........#
#..........#
########.....(....#


You could see a worm.

Vanquished Creatures
  An endoplasm (D:2)
  A goblin (D:1)
  2 jackals (D:2)
  A quokka (D:1)
  2 bats (D:1)
  2 kobolds (D:2)
  A rat (D:1)
10 creatures vanquished.

Notes
Turn   | Place    | Note
-------+----------+-------------------------------------------
     0 | D:1      | GigaChad the Demigod Transmuter began the quest for the
                  | Orb.
     0 | D:1      | Reached XP level 1. HP: 15/15 MP: 5/5
   388 | D:2      | Reached skill level 3 in Unarmed Combat
   417 | D:2      | Reached XP level 2. HP: 2/22 MP: 7/7
   459 | D:2      | HP: 1/22 [worm (1)]
   460 | D:2      | Slain by a worm

Illustrated notes

Levels and vault maps discovered:
D:1:      dpeg_arrival_long_road, layout_basic,
          ebering_ecumenical_altar_sacrificial
D:2:      layout_rooms, kennysheep_generic_room_3

Skill      XL: |  1 |
---------------+----+-----
Unarmed Combat | 3 |  3.1
Fighting       | |  0.8
Dodging        | |  1.9
Spellcasting   | |  1.9
Transmutations | |  1.8

Action                   || total
-------------------------++-------
Melee: Unarmed           ||    19
       Short sword       ||    16
       Dagger            ||     5
       Hunting sling     ||     4
  Use: Scroll            ||     2
Armor: Chain mail        ||    33
       Robe              ||     6
       Ring mail         ||     1
Dodge: Dodged            ||    27

Table legend: (Time is in decaauts)
 A = Elapsed time spent in this place.
 B = Non-inter-level travel time spent in this place.
 C = Inter-level travel time spent in this place.
 D = Time resting spent in this place.
 E = Time spent auto-exploring this place.
 F = Levels seen in this place.
 G = Mean time per level.
                   A        B        C        D        E       F      G
               +--------+--------+--------+--------+--------+-----+--------+
         Total |    460 |    460 |      0 |      0 |      0 |   2 |  230.0 |
       Dungeon |    460 |    460 |      0 |      0 |      0 |   2 |  230.0 |
               +--------+--------+--------+--------+--------+-----+--------+

Top non-repeatable levels by time:
     D:1: 349 daAuts
     D:2: 111 daAuts
